[Event "Titled Tuesday Blitz June 13 Early 2023"]
[White "Hayrapetyan, Hovik"]
[Black "gueraumasague"]
[WhiteFideId "13302639"]
[WhiteElo "2348"]
[BlackElo "2488"]
[Result "1/2-1/2"]
[Round "2"]
[TimeControl "180+2"]
[Date "2023.06.13"]
[WhiteClock "0:00:03"]
[BlackClock "0:00:07"]
[Board "113"]

1. d4 Nf6 2. c4 g6 3. Nc3 Bg7 4. Nf3 O-O 5. g3 d6 6. Bg2 Bf5 7. Nh4 Bc8 8. O-O c6 9. Nf3 Nbd7 10. e4 e5 11. h3 Re8 12. Re1 exd4 13. Nxd4 Qb6 14. Nc2 Nc5 15. Rb1 a5 16. Be3 Be6 17. Na4 Qc7 18. Nxc5 dxc5 19. Qe2 Nd7 20. f4 Nb6 21. b3 a4 22. Bxc5 axb3 23. axb3 Ra2 24. Qf2 Nd7 25. Be3 h5 26. f5 Ne5 27. fxe6 Rxe6 28. Re2 Qa5 29. Nd4 Ra1 30. Rxa1 Qxa1+ 31. Re1 Qc3 32. Nxe6 fxe6 33. Qd2 Qxb3 34. Rf1 Qxc4 35. Qd8+ Kh7 36. Bf2 b5 37. Qb8 b4 38. Rb1 c5 39. Kh2 Nd3 40. Be3 Qc2 41. Rg1 b3 42. Bf4 b2 43. Bg5 Qc3 44. Qc7 c4 45. Be7 Qe5 46. Qxe5 Bxe5 47. Ba3 c3 48. Bxb2 cxb2 49. Rb1 Nb4 50. Bf1 Na2 51. Bd3 Nc3 52. Rf1 Kg7 53. Kg2 Bd4 54. Bc2 Ne2 55. Rf3 Nc3 56. Rf1 e5 57. h4 Nb5 58. Kh3 Na3 59. Bd3 Be3 60. g4 Bc1 61. gxh5 gxh5 62. Rg1+ Kf6 63. Rf1+ Kg7 64. Kg2 Be3 65. Kf3 Bd4 66. Ke2 Kg6 67. Kd2 Kg7 68. Rf5 Kg6 69. Rf8 Kg7 70. Ra8 b1=Q 71. Bxb1 Nxb1+ 72. Kd3 Nc3 73. Rc8 Nd1 74. Rc7+ Kg6 75. Rc6+ Kg7 76. Rc7+ Kg6 77. Rc6+ Kg7 78. Rc7+ 1/2-1/2


[Site "https://www.chess.com"]

[Event "Titled Tuesday Blitz June 13 Early 2023"]
[White "Milikow, Yoav"]
[Black "Toczek, Grzegorz"]
[WhiteFideId "2822237"]
[BlackFideId "1106457"]
[WhiteElo "2410"]
[BlackElo "2093"]
[Result "1-0"]
[Round "2"]
[TimeControl "180+2"]
[Date "2023.06.13"]
[WhiteClock "0:01:08"]
[BlackClock "0:00:34"]
[Board "114"]

1. c4 c5 2. Nc3 Nf6 3. g3 d5 4. cxd5 Nxd5 5. Bg2 Nc7 6. d3 e6 7. Bd2 Be7 8. Rc1 Nd7 9. Nf3 Rb8 10. O-O O-O 11. Bf4 a6 12. Ne4 b6 13. Nd6 Nd5 14. Nxc8 Rxc8 15. Bd2 Bf6 16. Qb3 Ne5 17. Rfd1 Nxf3+ 18. Bxf3 Qd6 19. Kg2 Rfd8 20. Rc2 Ne7 21. Bf4 e5 22. Bc1 Nf5 23. e3 Rb8 24. Qc4 b5 25. Qxc5 Rdc8 26. Qxc8+ Rxc8 27. Rxc8+ Bd8 28. Bd2 Ne7 29. Ra8 b4 30. Bxb4 Qc7 31. Rc1 Qb6 1-0


[Site "https://www.chess.com"]

[Event "Titled Tuesday Blitz June 13 Early 2023"]
[White "Bellissimo, Joseph F."]
[Black "Skvortsov, Andrei"]
[WhiteFideId "2609843"]
[BlackFideId "24108600"]
[WhiteElo "2103"]
[BlackElo "2259"]
[Result "0-1"]
[Round "2"]
[TimeControl "180+2"]
[Date "2023.06.13"]
[WhiteClock "0:00:09"]
[BlackClock "0:00:11"]
[Board "115"]

1. e4 d5 2. exd5 Qxd5 3. Nc3 Qe5+ 4. Be2 Bg4 5. d4 Bxe2 6. Ngxe2 Qa5 7. O-O Nf6 8. d5 c6 9. b4 Qd8 10. dxc6 Nxc6 11. b5 Ne5 12. Bf4 Ng6 13. Bg5 e6 14. Bxf6 gxf6 15. Nd4 Bc5 16. Nce2 O-O 17. c4 f5 18. Qd2 Qf6 19. Nb3 Rfd8 20. Qh6 Bf8 21. Qe3 b6 22. a4 Bb4 23. a5 bxa5 24. Nxa5 Bd2 25. Qb3 Bxa5 26. Rxa5 Rd2 27. Ng3 Nf4 28. b6 Rd3 29. b7 Rb8 30. Qb4 Qd4 31. Qb1 Rxg3 32. hxg3 Ne2+ 33. Kh1 Qf6 34. Qe4 fxe4 35. Rh5 Nxg3+ 36. fxg3 Qxf1+ 37. Kh2 Rxb7 38. Rg5+ Kf8 39. Rf5 Qxf5 0-1


[Site "https://www.chess.com"]

[Event "Titled Tuesday Blitz June 13 Early 2023"]
[White "Gutkin, Ilya"]
[Black "Wadsworth, Matthew J"]
[WhiteFideId "16203470"]
[BlackFideId "415804"]
[WhiteElo "2248"]
[BlackElo "2347"]
[Result "0-1"]
[Round "2"]
[TimeControl "180+2"]
[Date "2023.06.13"]
[WhiteClock "0:00:04"]
[BlackClock "0:00:08"]
[Board "116"]

1. e4 c5 2. Nf3 e6 3. Nc3 Nc6 4. Bb5 Nd4 5. a4 a6 6. Bc4 Nc6 7. d4 cxd4 8. Nxd4 Qc7 9. Nxc6 bxc6 10. O-O Nf6 11. Qe2 e5 12. Bg5 Be7 13. Rad1 d6 14. Kh1 h6 15. Bh4 g5 16. Bg3 h5 17. f3 h4 18. Be1 Be6 19. Bxe6 fxe6 20. Bd2 Nh5 21. Qc4 Kf7 22. Be3 Qb8 23. b3 Ng3+ 24. Kg1 Nxf1 25. Rxf1 d5 26. exd5 cxd5 27. Nxd5 exd5 28. Qxd5+ Kg7 29. Qe6 Qd6 30. Qg4 Rae8 31. f4 exf4 32. Rd1 Qg6 33. Bd4+ Bf6 34. Qd7+ Kh6 35. Bxf6 Rh7 36. Qc6 Qe4 37. Qxa6 Re6 38. Bxg5+ Kxg5 39. Qb5+ Kg6 40. Qf1 Qe3+ 41. Kh1 Rhe7 42. h3 Qe1 43. Rxe1 Rxe1 44. Kg1 Rxf1+ 45. Kxf1 Rc7 46. c3 Rb7 47. b4 Rc7 48. a5 Rxc3 49. a6 Ra3 50. b5 Ra5 0-1


[Site "https://www.chess.com"]

[Event "Titled Tuesday Blitz June 13 Early 2023"]
[White "Vifleemskaia, Svetlana"]
[Black "Ibadov, Dashgyn"]
[WhiteFideId "4129490"]
[BlackFideId "24107514"]
[WhiteElo "1930"]
[BlackElo "2208"]
[Result "0-1"]
[Round "2"]
[TimeControl "180+2"]
[Date "2023.06.13"]
[WhiteClock "0:00:00"]
[BlackClock "0:00:12"]
[Board "117"]

1. d4 Nf6 2. c4 c5 3. d5 d6 4. Nc3 g6 5. e4 Bg7 6. Nge2 e6 7. Ng3 exd5 8. cxd5 h5 9. h4 O-O 10. Bg5 a6 11. a4 Qc7 12. Be2 Nbd7 13. O-O Rb8 14. Qd2 c4 15. Bh6 Re8 16. Bxg7 Kxg7 17. Qg5 Re5 18. Qd2 Nc5 19. f4 Ncxe4 20. Ngxe4 Nxe4 21. Qd4 Ng3 22. fxe5 dxe5 23. Qf2 Nxf1 24. Rxf1 f5 25. Qg3 b5 26. axb5 axb5 27. Bxh5 Qb6+ 28. Kh2 b4 29. Ne2 Qf6 30. Bf3 f4 31. Qg5 Bf5 32. Qxf6+ Kxf6 33. Rd1 e4 34. Bxe4 Bxe4 35. Nxf4 c3 36. bxc3 b3 37. Ne2 b2 38. Rf1+ Ke5 0-1


[Site "https://www.chess.com"]

[Event "Titled Tuesday Blitz June 13 Early 2023"]
[White "Pastar, Slaven"]
[Black "rikchessmx"]
[WhiteFideId "14402718"]
[WhiteElo "2219"]
[BlackElo "2312"]
[Result "1-0"]
[Round "2"]
[TimeControl "180+2"]
[Date "2023.06.13"]
[WhiteClock "0:01:15"]
[BlackClock "0:00:26"]
[Board "118"]

1. b3 a5 2. Bb2 a4 3. c4 Nf6 4. b4 d5 5. e3 c6 6. a3 dxc4 7. Bxc4 b5 8. Be2 Bf5 9. d3 e6 10. Nf3 Be7 11. Nh4 Bg6 12. O-O Qc7 13. Nd2 c5 14. Rc1 Qb6 15. bxc5 Bxc5 16. Nxg6 hxg6 17. Bf3 Ra7 18. Qc2 Nbd7 19. d4 Bd6 20. Qc8+ Qd8 21. Qxd8+ Kxd8 22. g3 b4 23. Nc4 bxa3 24. Nxa3 Ke7 25. Nb5 Rb8 26. Nxd6 1-0


[Site "https://www.chess.com"]

[Event "Titled Tuesday Blitz June 13 Early 2023"]
[White "Girya, Olga"]
[Black "Putri, Regita Desyari"]
[WhiteFideId "4195752"]
[BlackFideId "7109083"]
[WhiteElo "2263"]
[BlackElo "1930"]
[Result "1-0"]
[Round "2"]
[TimeControl "180+2"]
[Date "2023.06.13"]
[WhiteClock "0:00:42"]
[BlackClock "0:00:00"]
[Board "119"]

1. d4 Nf6 2. Nf3 e6 3. c4 b6 4. g3 Ba6 5. b3 Bb4+ 6. Bd2 Be7 7. Bg2 c6 8. Nc3 d5 9. Ne5 O-O 10. O-O Bb7 11. Rc1 c5 12. dxc5 bxc5 13. cxd5 exd5 14. Bg5 Na6 15. Nd3 Rc8 16. Nf4 h6 17. Bxf6 Bxf6 18. Ncxd5 Bxd5 19. Nxd5 Bd4 20. e3 Bb2 21. Rc2 Be5 22. a3 Qa5 23. Ne7+ Kh8 24. Nxc8 Rxc8 25. Qd5 Bf6 26. Qxf7 Rb8 27. Be4 1-0


[Site "https://www.chess.com"]

[Event "Titled Tuesday Blitz June 13 Early 2023"]
[White "Chor, Kevin"]
[Black "Vila Dupla, Aurelio"]
[WhiteFideId "2090740"]
[BlackFideId "2203383"]
[WhiteElo "2565"]
[BlackElo "2009"]
[Result "1/2-1/2"]
[Round "2"]
[TimeControl "180+2"]
[Date "2023.06.13"]
[WhiteClock "0:00:07"]
[BlackClock "0:00:03"]
[Board "120"]

1. d4 Nf6 2. Bf4 g6 3. Nc3 d5 4. Qd2 Bg7 5. h4 h5 6. Nf3 Nc6 7. e3 a6 8. Ne5 Ng4 9. Nxg4 Bxg4 10. f3 Bf5 11. O-O-O Qd7 12. g4 hxg4 13. e4 Be6 14. Bg2 gxf3 15. Bxf3 Nxd4 16. Qg2 Nxf3 17. Nxd5 Bxd5 18. Rxd5 Qe6 19. Qxf3 c6 20. Rd3 Qf6 21. e5 Qf5 22. Qe3 O-O 23. h5 Rfd8 24. hxg6 fxg6 25. Rb3 Rd5 26. Rxb7 Bxe5 27. Bxe5 Qxe5 28. Qh6 Qg5+ 29. Qxg5 Rxg5 30. Rxe7 Rd8 31. b3 Rg2 32. Rhh7 Rdd2 33. Rhg7+ Kh8 34. Rh7+ Kg8 35. Rhg7+ Kf8 36. Rgf7+ Kg8 37. Rg7+ 1/2-1/2


[Site "https://www.chess.com"]

[Event "Titled Tuesday Blitz June 13 Early 2023"]
[White "Nikulina, Alena"]
[Black "Vovk, Orest"]
[WhiteFideId "4172051"]
[BlackFideId "14113490"]
[WhiteElo "1608"]
[BlackElo "2215"]
[Result "0-1"]
[Round "2"]
[TimeControl "180+2"]
[Date "2023.06.13"]
[WhiteClock "0:00:00"]
[BlackClock "0:00:05"]
[Board "122"]

1. e4 g5 2. d4 g4 3. h3 d5 4. e5 c5 5. c3 Nc6 6. hxg4 Qb6 7. Bd3 cxd4 8. cxd4 Qxd4 9. Nf3 Qxg4 10. Kf1 Bg7 11. Rh4 Qd7 12. e6 Qxe6 13. Ng5 Qd6 14. Qh5 Be6 15. Bf4 Ne5 16. Bb5+ Kd8 17. Nc3 Nf6 18. Qe2 Nfd7 19. Bxd7 Kxd7 20. Nb5 Qa6 21. Bxe5 Bxe5 22. Qxe5 Qxb5+ 23. Kg1 Rhg8 24. Nxe6 fxe6 25. Re1 Rg6 0-1


[Site "https://www.chess.com"]

[Event "Titled Tuesday Blitz June 13 Early 2023"]
[White "Tsukerman, Julia"]
[Black "Aloma Vidal, Robert"]
[WhiteFideId "2621649"]
[BlackFideId "2260409"]
[WhiteElo "1667"]
[BlackElo "2435"]
[Result "0-1"]
[Round "2"]
[TimeControl "180+2"]
[Date "2023.06.13"]
[WhiteClock "0:00:00"]
[BlackClock "0:00:53"]
[Board "123"]

1. e4 e5 2. Nf3 Nf6 3. Nxe5 d6 4. Nf3 Nxe4 5. Qe2 Qe7 6. d4 Nd7 7. Nbd2 Nxd2 8. Bxd2 Nf6 9. O-O-O Qxe2 10. Bxe2 Bf5 11. Bb5+ c6 12. Rhe1+ Kd7 13. Bf1 h6 14. Be3 g5 15. Bd3 Bxd3 16. Rxd3 Bg7 17. c3 Rae8 18. Bd2 Rxe1+ 19. Bxe1 Nd5 20. g3 f5 21. Nd2 b5 22. Nf1 f4 23. Kd1 a5 24. Nd2 a4 25. Ne4 Re8 26. Nd2 Ke6 27. Ne4 Rd8 28. h4 Kf5 29. f3 g4 30. gxf4 gxf3 31. Nd2 Nxf4 32. Rxf3 h5 33. Bg3 Bh6 34. Nf1 Kg4 35. Rf2 Nd5 36. Bh2 Re8 37. Rg2+ Kxh4 38. Rg6 Bf4 39. Bxf4 Nxf4 40. Rxd6 Nd3 0-1


[Site "https://www.chess.com"]

[Event "Titled Tuesday Blitz June 13 Early 2023"]
[White "Sadhwani, Raunak"]
[Black "Urquhart, Ed"]
[WhiteFideId "35093487"]
[BlackFideId "2603748"]
[WhiteElo "2631"]
[BlackElo "2184"]
[Result "1-0"]
[Round "2"]
[TimeControl "180+2"]
[Date "2023.06.13"]
[WhiteClock "0:00:23"]
[BlackClock "0:00:07"]
[Board "124"]

1. Nf3 Nf6 2. c4 e6 3. g3 d5 4. b3 Be7 5. Bg2 O-O 6. Bb2 b6 7. O-O Bb7 8. e3 c5 9. Qe2 Nc6 10. d3 Qc7 11. Na3 a6 12. Nc2 Rad8 13. Nh4 Qb8 14. f4 dxc4 15. bxc4 Rd7 16. g4 Rfd8 17. g5 Ne8 18. Rad1 b5 19. cxb5 axb5 20. Rf3 Nb4 21. Nxb4 Bxf3 22. Nxf3 cxb4 23. Ne5 Rc7 24. Nc6 Rxc6 25. Bxc6 Qb6 26. Bf3 Nd6 27. Bd4 Qa6 28. Be5 Nf5 29. Be4 Qb6 30. Kf2 Rc8 31. h4 Bc5 32. d4 Bf8 33. h5 Rc3 34. Rd3 Qa5 35. d5 Rxd3 36. Bxd3 Bc5 37. Qc2 Qb6 38. Bxf5 exf5 39. Bd4 1-0


[Site "https://www.chess.com"]

[Event "Titled Tuesday Blitz June 13 Early 2023"]
[White "Goncalves, Davi Sulzbacher"]
[Black "Dragnev, Valentin"]
[WhiteFideId "2154510"]
[BlackFideId "1634852"]
[WhiteElo "2182"]
[BlackElo "2487"]
[Result "1-0"]
[Round "2"]
[TimeControl "180+2"]
[Date "2023.06.13"]
[WhiteClock "0:00:19"]
[BlackClock "0:00:27"]
[Board "125"]

1. Nf3 d5 2. c4 d4 3. e3 Nc6 4. exd4 Nxd4 5. Nxd4 Qxd4 6. Na3 Nh6 7. Nb5 Qd8 8. d4 c6 9. Bxh6 cxb5 10. Be3 bxc4 11. Bxc4 e6 12. O-O Bd6 13. Qh5 O-O 14. Rad1 Bd7 15. d5 e5 16. Bd3 f5 17. Bb1 Qe8 18. Qh3 e4 19. f4 exf3 20. Rxf3 g6 21. Bd4 Rf7 22. Qh6 Rc8 23. Rh3 Be5 24. Re3 Bxd4 25. Rxd4 Re7 26. Kf2 Qf7 27. d6 Rxe3 28. Qxe3 Re8 29. Qd2 Qe6 30. Bd3 Kg7 31. Bc4 Qe5 32. Rh4 h5 33. Qc3 Kf6 34. Qxe5+ Kxe5 35. Bb3 Kxd6 36. Rb4 b6 37. Rd4+ Kc7 38. Bf7 Rh8 39. Bxg6 h4 40. h3 Be6 41. b3 Rh6 42. Be8 Rh8 43. Bb5 Rh6 44. Bc4 Bc8 45. Bd5 Kd6 46. Bf3+ Ke5 47. Ke3 Be6 48. Ra4 Rh7 49. Rb4 Bd7 50. Rd4 Rh6 51. Rd5+ Ke6 52. Rd4 Rh7 53. Bd5+ Kf6 54. Bf3 Kg5 55. Rd6 Re7+ 56. Kf2 Bb5 57. Rd5 Bc6 58. Rd6 Bb5 59. Rd5 Bd3 60. Rxd3 Kf4 61. Rd4+ Ke5 62. Rc4 Rd7 63. Rc2 Rd3 64. Re2+ Kf4 65. Rc2 Rd4 66. Ke2 Rd6 67. Rc4+ Kg3 68. Ke3 Re6+ 69. Kd3 Rd6+ 70. Rd4 Re6 71. Bd5 Re1 72. Kc3 Rc1+ 73. Kb4 Ra1 74. Rd3+ Kh2 75. Rd2 Kg3 76. a4 Rc1 77. Bf3 Rc5 78. Rd3 Kf4 79. Ka3 Re5 80. b4 Kg3 81. Kb3 Kf2 82. Kc3 Kg3 83. b5 Rc5+ 84. Kb4 Kf2 85. Rd7 Rc1 86. Rxa7 Rb1+ 87. Kc3 Rc1+ 88. Kb2 Rc4 89. Ra6 Rb4+ 90. Kc3 Rb1 91. Rxb6 f4 92. Rf6 Ra1 93. Kb3 Kg3 94. Rg6+ Kf2 95. Rg4 Ke3 96. Rxh4 Rb1+ 97. Ka2 Rc1 98. Rh5 Rc2+ 99. Kb3 Rc8 100. Re5+ Kf2 101. Re4 Kg3 102. Rd4 Re8 103. b6 Rf8 104. b7 Rb8 105. a5 Kh4 106. a6 Kg5 107. a7 Rd8 108. b8=Q Kh4 109. Qxd8+ Kg3 110. Qg5+ Kf2 111. Rxf4 Kg1 112. h4 Kh2 113. h5 Kg1 114. h6 Kf2 115. Qg7 Ke3 116. Re4+ Kf2 117. g4 Kf1 118. g5 Kf2 119. Bh5 Kg3 120. g6 Kh3 121. Re6 Kh4 122. h7 Kg5 123. h8=Q Kh4 124. Bf3+ Kg5 125. Qgg8 Kf4 126. Re4+ Kg3 127. Qf6 Kf2 128. Qh4+ Kg1 129. Qg3+ Kf1 130. Qg2# 1-0


[Site "https://www.chess.com"]

[Event "Titled Tuesday Blitz June 13 Early 2023"]
[White "Kushko, Dmitriy"]
[Black "Xu, Daniel"]
[WhiteFideId "14162261"]
[BlackFideId "2627345"]
[WhiteElo "2230"]
[BlackElo "1980"]
[Result "1/2-1/2"]
[Round "2"]
[TimeControl "180+2"]
[Date "2023.06.13"]
[WhiteClock "0:00:08"]
[BlackClock "0:00:20"]
[Board "126"]

1. Nf3 Nf6 2. g3 g6 3. Bg2 Bg7 4. O-O O-O 5. d4 d6 6. Re1 Nc6 7. e4 e5 8. c3 Re8 9. d5 Ne7 10. c4 Rf8 11. c5 dxc5 12. Nxe5 Ne8 13. f4 Nd6 14. Nc3 f5 15. Be3 fxe4 16. Bxc5 Bf5 17. Nxe4 Nxe4 18. Bxe4 Bxe4 19. Rxe4 Re8 20. d6 cxd6 21. Qb3+ d5 22. Rd4 Bxe5 23. fxe5 Qc8 24. Bxe7 Rxe7 25. Rxd5 Qe6 26. Rad1 Rae8 27. R1d2 Kg7 28. Qc3 Kg8 29. Qd4 Qf5 30. Re2 Qb1+ 31. Kg2 Qxa2 32. h4 Qa6 33. Re3 Qc6 34. Kh2 a6 35. Re2 Qe6 36. b4 Rf8 37. Rd6 Qf5 38. e6 Rfe8 39. Qc4 b5 40. Qe4 Qxe4 41. Rxe4 Kg7 42. Rxa6 Kf6 43. Rb6 Rxe6 44. Rexe6+ Rxe6 45. Rxb5 Re2+ 46. Kh3 Rb2 47. Rb7 h5 48. b5 Kf5 49. Rb8 Kf6 50. b6 Kg7 51. b7 Kh7 52. g4 Rb3+ 53. Kg2 hxg4 54. Kf2 Kg7 55. Ke2 Kh7 56. Kf2 Kg7 57. Kg2 Kh7 58. Kf2 1/2-1/2


[Site "https://www.chess.com"]

[Event "Titled Tuesday Blitz June 13 Early 2023"]
[White "Abduzhaparov"]
[Black "Bryakin, Mikhail"]
[BlackFideId "4165314"]
[WhiteElo "2421"]
[BlackElo "2464"]
[Result "1-0"]
[Round "2"]
[TimeControl "180+2"]
[Date "2023.06.13"]
[WhiteClock "0:00:23"]
[BlackClock "0:00:27"]
[Board "127"]

1. Nf3 Nf6 2. c4 g6 3. Nc3 Bg7 4. e4 O-O 5. d4 d6 6. Be3 e5 7. dxe5 dxe5 8. Qxd8 Rxd8 9. Nd5 Nxd5 10. cxd5 c6 11. Bc4 h6 12. O-O-O Bg4 13. Rd3 Bxf3 14. gxf3 cxd5 15. Bxd5 Nc6 16. Rhd1 Rac8 17. Kb1 b6 18. Bxc6 Rxd3 19. Rxd3 Rxc6 20. Rd8+ Kh7 21. Rd7 f5 22. Rxa7 f4 23. Bd2 Kg8 24. Bc3 g5 25. a4 h5 26. Ra6 Rc4 27. Kc2 g4 28. b3 Rc8 29. Rxb6 Bf8 30. b4 gxf3 31. a5 Be7 32. a6 Ra8 33. Rb7 Kf7 34. b5 Ke6 35. a7 Bc5 36. b6 Bxf2 37. Rb8 Rxa7 38. bxa7 Bxa7 39. Rb1 h4 40. h3 Be3 41. Kd3 f2 42. Ke2 Kd6 43. Rd1+ Ke6 44. Rd5 1-0


[Site "https://www.chess.com"]

[Event "Titled Tuesday Blitz June 13 Early 2023"]
[White "Mahdavi, Reza"]
[Black "Chandreyee, Hajra"]
[WhiteFideId "12595926"]
[BlackFideId "5056535"]
[WhiteElo "2395"]
[BlackElo "1725"]
[Result "1-0"]
[Round "2"]
[TimeControl "180+2"]
[Date "2023.06.13"]
[WhiteClock "0:01:25"]
[BlackClock "0:00:18"]
[Board "128"]

1. e4 e6 2. d4 d5 3. Nc3 Nf6 4. e5 Nfd7 5. f4 c5 6. Nf3 Nc6 7. Be3 cxd4 8. Nxd4 Qb6 9. Qd2 Qxb2 10. Rb1 Qa3 11. Bb5 Nxd4 12. Bxd4 a6 13. Bxd7+ Bxd7 14. Rb3 Qe7 15. Rxb7 Qh4+ 16. g3 Qg4 17. O-O Rc8 18. Rfb1 Bc5 19. Bxc5 Rxc5 20. Rb8+ Rc8 21. Rxc8+ Bxc8 22. Rb8 O-O 23. Qe2 Qxe2 24. Nxe2 Bd7 25. Rb7 Bb5 26. Nd4 Bc4 27. a4 h6 28. Kf2 Kh7 29. Ke3 Kg6 30. g4 h5 31. f5+ exf5 32. gxf5+ Kg5 33. e6 Kf6 34. e7 Re8 35. Nc6 h4 36. Kd4 h3 37. Rd7 g5 38. Rd6+ Kxf5 39. Rd8 Rxe7 40. Nxe7+ Ke6 41. Nxd5 Bxd5 42. Rxd5 g4 43. Ke4 f5+ 44. Rxf5 g3 45. hxg3 h2 46. Rh5 Kf6 47. Rxh2 1-0


[Site "https://www.chess.com"]

[Event "Titled Tuesday Blitz June 13 Early 2023"]
[White "Sattarov, Bobir"]
[Black "LeoLV10"]
[WhiteFideId "14203081"]
[WhiteElo "2351"]
[BlackElo "2419"]
[Result "1-0"]
[Round "2"]
[TimeControl "180+2"]
[Date "2023.06.13"]
[WhiteClock "0:01:07"]
[BlackClock "0:00:01"]
[Board "129"]

1. e4 c6 2. d4 d5 3. exd5 cxd5 4. Bd3 Nc6 5. c3 Nf6 6. Bf4 g6 7. Qc2 Bg7 8. Nd2 a6 9. Ngf3 O-O 10. O-O b5 11. b4 Bd7 12. Nb3 Re8 13. Nc5 Nh5 14. Bg5 f6 15. Bd2 e5 16. Qb3 Ne7 17. dxe5 fxe5 18. Rfe1 Kh8 19. Nxe5 Bxe5 20. Rxe5 Nc6 21. Rxe8+ Qxe8 22. Qxd5 Nf6 23. Qd6 Qe5 24. Bf4 Qxd6 25. Bxd6 Kg7 26. a3 Be8 27. c4 bxc4 28. Bxc4 a5 29. b5 Nd4 30. Be5 Bxb5 31. Bxb5 Nxb5 32. Nd7 Rd8 33. Bxf6+ Kf7 34. Bxd8 1-0


[Site "https://www.chess.com"]

[Event "Titled Tuesday Blitz June 13 Early 2023"]
[White "Gomez Barrera, Javiera Belen"]
[Black "Atakhan, Abtin"]
[WhiteFideId "3418723"]
[BlackFideId "22502203"]
[WhiteElo "2119"]
[BlackElo "2008"]
[Result "0-1"]
[Round "2"]
[TimeControl "180+2"]
[Date "2023.06.13"]
[WhiteClock "0:00:37"]
[BlackClock "0:00:53"]
[Board "130"]

1. e4 c5 2. Nf3 d6 3. d4 cxd4 4. Nxd4 Nf6 5. Nc3 a6 6. Be3 e5 7. Nb3 Be7 8. f3 h5 9. Qd2 Be6 10. O-O-O Nbd7 11. Kb1 Rc8 12. h4 b5 13. Nd5 Bxd5 14. exd5 Nb6 15. Bxb6 Qxb6 16. Na5 Rc5 17. b4 Rxd5 18. Qxd5 Nxd5 19. Rxd5 O-O 20. Bd3 Rc8 21. Rd1 Qf2 22. Nb7 Qxh4 23. a3 g6 24. Nxd6 Rd8 25. Be4 Rxd6 26. Rxd6 Bxd6 27. Rxd6 Qg3 28. Rxa6 Qxg2 29. Kb2 h4 30. Ra8+ Kg7 31. Ra7 h3 32. Bd5 h2 33. Rxf7+ Kh6 0-1


[Site "https://www.chess.com"]

[Event "Titled Tuesday Blitz June 13 Early 2023"]
[White "KorolDimitriy75"]
[Black "carokannlover213"]
[WhiteElo "2413"]
[BlackElo "2754"]
[Result "1/2-1/2"]
[Round "2"]
[TimeControl "180+2"]
[Date "2023.06.13"]
[WhiteClock "0:01:09"]
[BlackClock "0:00:10"]
[Board "131"]

1. d4 Nf6 2. c4 g6 3. Nc3 Bg7 4. e4 d6 5. Nf3 O-O 6. Be2 e5 7. dxe5 dxe5 8. Qxd8 Rxd8 9. Bg5 Re8 10. O-O-O Bg4 11. h3 Bxf3 12. Bxf3 Nc6 13. Nd5 Nxd5 14. cxd5 Nd4 15. Be3 Nxf3 16. gxf3 c6 17. dxc6 Rec8 18. Rd7 Rxc6+ 19. Kb1 b6 20. Rhd1 Bf6 21. Rb7 Bh4 22. Rdd7 Rf6 23. Bh6 g5 24. Rxa7 Rc8 25. Rac7 Re8 26. Re7 Ra8 27. Ra7 Rd8 28. Rad7 Ra8 29. Ra7 Rd8 30. Rad7 Ra8 31. Ra7 1/2-1/2


[Site "https://www.chess.com"]

[Event "Titled Tuesday Blitz June 13 Early 2023"]
[White "Topalov, Aleksandar"]
[Black "Vaibhav, Suri"]
[WhiteFideId "925659"]
[BlackFideId "5045185"]
[WhiteElo "2151"]
[BlackElo "2494"]
[Result "0-1"]
[Round "2"]
[TimeControl "180+2"]
[Date "2023.06.13"]
[WhiteClock "0:00:10"]
[BlackClock "0:00:51"]
[Board "132"]

1. b3 e5 2. Bb2 Nc6 3. c4 g6 4. Nc3 Bg7 5. g3 Nge7 6. Bg2 O-O 7. a3 d6 8. e3 Be6 9. Nd5 Qd7 10. Ne2 Rab8 11. O-O b5 12. Qc2 bxc4 13. bxc4 h5 14. d3 h4 15. Bc3 h3 16. Bh1 Nf5 17. Rab1 Nce7 18. Rxb8 Rxb8 19. Rb1 Rxb1+ 20. Qxb1 c6 21. Qb8+ Kh7 22. Nxe7 Nxe7 23. Ba5 c5 24. Qb5 Qc8 25. Nc3 Bd7 26. Qb3 Bc6 27. Nd5 Nxd5 28. cxd5 Bd7 29. Kf1 Qa6 30. Bd2 Bb5 31. Bf3 Bxd3+ 32. Ke1 e4 33. Bg4 c4 34. Qb4 Qb6 35. Bxh3 c3 36. Bxc3 Bxc3+ 37. Qxc3 Qb1+ 38. Kd2 Qa2+ 39. Kc1 Qxf2 40. Qc7 Qxe3+ 41. Kb2 Qf2+ 42. Kc1 e3 43. Be6 Qd2# 0-1


[Site "https://www.chess.com"]

[Event "Titled Tuesday Blitz June 13 Early 2023"]
[White "DanyKopy"]
[Black "Djordjevic, Vuk"]
[BlackFideId "902098"]
[WhiteElo "2408"]
[BlackElo "2463"]
[Result "0-1"]
[Round "2"]
[TimeControl "180+2"]
[Date "2023.06.13"]
[WhiteClock "0:00:00"]
[BlackClock "0:02:11"]
[Board "133"]

1. e4 d5 2. exd5 Qxd5 3. Nc3 Qd6 4. d4 Nf6 5. Nf3 c6 6. g3 Bg4 7. Bg2 e6 8. O-O Be7 9. a3 O-O 10. Bf4 Qd8 11. Qd2 Nbd7 12. Rfe1 Nb6 13. Ne5 Bf5 14. Rad1 Nfd5 15. Nxd5 Nxd5 16. c4 Nxf4 17. Qxf4 Bd6 18. Qe3 Qc7 19. g4 Bxe5 20. gxf5 Bxh2+ 21. Kh1 Bf4 22. Qh3 e5 23. f6 g6 24. dxe5 Bxe5 25. Rd7 Qb8 26. Rxb7 Qxb7 27. Rxe5 Qxb2 28. Qh6 Qa1+ 29. Re1 Qxe1+ 30. Kh2 Qe5+ 0-1


[Site "https://www.chess.com"]

[Event "Titled Tuesday Blitz June 13 Early 2023"]
[White "Karthik Rajaa"]
[Black "Smiechu"]
[WhiteFideId "25035215"]
[WhiteElo "2215"]
[BlackElo "2408"]
[Result "1-0"]
[Round "2"]
[TimeControl "180+2"]
[Date "2023.06.13"]
[WhiteClock "0:00:49"]
[BlackClock "0:00:42"]
[Board "134"]

1. Nf3 Nf6 2. b3 c5 3. Bb2 Nc6 4. g3 d6 5. Bg2 e5 6. O-O g6 7. c4 Bg7 8. Nc3 O-O 9. d3 a6 10. Nd2 Rb8 11. Nde4 Qe7 12. Nxf6+ Qxf6 13. Nd5 Qd8 14. e3 Ne7 15. Nxe7+ Qxe7 16. Qd2 b5 17. Rac1 Bb7 18. Bxb7 Rxb7 19. d4 exd4 20. exd4 Rd8 21. Ba1 d5 22. cxb5 Rxb5 23. Rfe1 Qf8 24. Qd3 Ra5 25. a4 c4 26. Qd2 1-0


[Site "https://www.chess.com"]

[Event "Titled Tuesday Blitz June 13 Early 2023"]
[White "Miller, Luke C"]
[Black "Pulpan, Jakub"]
[WhiteFideId "2096935"]
[BlackFideId "302759"]
[WhiteElo "1836"]
[BlackElo "2484"]
[Result "0-1"]
[Round "2"]
[TimeControl "180+2"]
[Date "2023.06.13"]
[WhiteClock "0:00:06"]
[BlackClock "0:00:18"]
[Board "135"]

1. e4 e5 2. f4 d5 3. Nf3 exf4 4. exd5 Nf6 5. Bb5+ Bd7 6. Qe2+ Be7 7. Nc3 O-O 8. d4 Bxb5 9. Qxb5 b6 10. Bxf4 Nh5 11. Bd2 a6 12. Qd3 Bh4+ 13. Nxh4 Qxh4+ 14. g3 Re8+ 15. Kf2 Qf6+ 16. Kg2 Nd7 17. Rhf1 Qd6 18. Qf5 Nhf6 19. a3 Rac8 20. Bf4 Qf8 21. Be5 Rcd8 22. Bxc7 Rc8 23. Be5 Rcd8 24. Rae1 Nxe5 25. Rxe5 Rxe5 26. Qxe5 Re8 27. Qf4 Qe7 28. d6 Qe6 29. Rf2 Rd8 30. Re2 Qd7 31. d5 h6 32. h3 b5 33. Rd2 Qb7 34. Qe5 Re8 35. Qd4 Rd8 36. Qc5 Ne8 37. Qc6 Qa7 38. Ne4 f5 39. Nc5 Nxd6 40. Ne6 Rd7 41. Rf2 g6 42. Qc3 Qxf2+ 43. Kxf2 Ne4+ 44. Ke3 Nxc3 45. bxc3 Rxd5 46. Nf4 Rd6 47. Nd3 g5 48. g4 f4+ 49. Kf3 Kf7 50. h4 Ke6 51. hxg5 hxg5 52. Ke4 Rc6 53. Kd4 Rc4# 0-1


[Site "https://www.chess.com"]